 Dungeon Crawl Stone Soup version 0.26.1-11-gd32895ea62 (webtiles) character file.

Game seed: 1595203387961606386

816 Mattiprrivan the Shooter (level 7, -2/34 (35) HPs)
             Began as a Vine Stalker Hunter on June 21, 2021.
             Killed by nerve-wracking pain
             ... invoked by an orc priest
              (6 damage)
             ... on level 5 of the Dungeon.
             The game lasted 00:30:13 (3715 turns).

Mattiprrivan the Shooter (Vine Stalker Hunter)      Turns: 3715, Time: 00:30:14

HP:   -2/34 (35)    AC:  7    Str: 20 (21) XL:     7   Next: 94%
MP:   0/8           EV: 12    Int: 10 (11) God:
Gold: 253           SH:  0    Dex: 14 (16) Spells: 6/6 levels left

rFire    . . .     SeeInvis .   a - +1 shortbow
rCold    . . .     Faith    .   (shield currently unavailable)
rNeg     + . .     Spirit   +   c - +0 leather armour
rPois    .         Reflect  .   (no helmet)
rElec    .         Harm     .   r - +2 cloak
rCorr    .         Rampage  .   e - +0 pair of gloves
Will     .....                  (no boots)
Stlth    ++........             (no amulet)
HPRegen  0.51/turn              f - +6 ring of strength
MPRegen  0.11/turn              j - ring of positive energy

@: about to teleport, lightly drained
A: fangs 2, blink, regeneration 1, magic shield, antimagic bite, no potion heal
3
a: Blink


You were on level 5 of the Dungeon.
You visited 1 branch of the dungeon, and saw 5 of its levels.

You collected 253 gold pieces.

Inventory:

Hand Weapons
 a - a +1 shortbow (weapon)
 h - a +2 dagger of venom
Missiles
 d - 49 arrows (quivered ammo)
 k - 8 poisoned darts
Armour
 c - a +0 leather armour (worn)
 e - a +0 pair of gloves (worn)
 r - a +2 cloak (worn)
Jewellery
 f - a +6 ring of strength (left hand)
 j - a ring of positive energy (right hand)
Wands
 m - a wand of flame (6)
Scrolls
 i - a scroll of remove curse
 n - 2 scrolls of teleportation
 q - a scroll of identify
Potions
 b - 5 potions of curing
 g - 3 potions of haste
 l - a potion of flight
 o - a potion of magic
 p - a potion of cancellation


   Skills:
 * Level 2.9 Fighting
 * Level 1.5 Short Blades
 * Level 6.4 Bows
 * Level 1.5 Throwing
 * Level 1.5 Armour
 * Level 2.4 Dodging
 * Level 3.2 Stealth
 * Level 2.2 Unarmed Combat
 * Level 0.7 Evocations


You had 6 spell levels left.
You didn't know any spells.
Your spell library contained the following spells:

 Spells                   Type           Power        Failure   Level
 Magic Dart               Conj           0%           41%         1
 Blink                    Tloc           N/A          54%         2
 Call Imp                 Summ           0%           54%         2
 Slow                     Hex            0%           54%         2
 Conjure Flame            Conj/Fire      0%           78%         3
 Mephitic Cloud           Conj/Pois/Air  0%           78%         3


Dungeon Overview and Level Annotations

Branches:
Dungeon (5/15)
 Temple: D:4-7

Altars:
Wu Jian


Innate Abilities, Weirdness & Mutations

You have extremely sharp teeth.
Your natural rate of healing is unusually fast.
When hurt, damage is shared between your health and your magic reserves.
Your bite disrupts and absorbs the magic of your enemies.
Potions cannot restore your health.
You can translocate small distances at will.


Message History

Press: ? - help, Q - select action, (/) - cycle Shift-Dir - straight line, f/p - orc wizard
Aim: an orc wizard, wielding a +1 dagger of draining and wearing a cursed +0 robe (moderately wounded, fast, 58% to hit)
You shoot an arrow.
The arrow closely misses the orc wizard.
The orc wizard points at you and mumbles some strange words.
The magic dart hits you.
* * * LOW HITPOINT WARNING * * *
The orc priest hits you with a +0 flail.
* * * LOW HITPOINT WARNING * * *
The orc wizard looks satisfied for a moment.
Fire: 50 arrows
Press: ? - help, Q - select action, (/) - cycle Shift-Dir - straight line, f/p - orc wizard
Aim: an orc wizard, wielding a +1 dagger of draining and wearing a cursed +0 robe (moderately wounded, fast, 58% to hit)
You shoot an arrow. The arrow misses the orc wizard.
The orc wizard hits you with a +1 dagger of draining.
* * * LOW HITPOINT WARNING * * *
You partially resist.
You feel drained.
The orc priest calls down the wrath of Beogh upon you.
Pain shoots through your body!
You die...

########### #.........#
#.........# #..รท......#
) ## #.........### ...
.###...........####..(.$
................@o[(...(
####.#####......o#(.....
###.# #.......# .....
#...# #.......# ....
##)### ##.....## ...
..<### ##....... ..
.....### #.......# .
..##..>###.......#
...###..##.......#


You could see an orc priest and an orc wizard (fast).

Vanquished Creatures
  An ogre (D:4)
  A centaur (D:5)
  2 scorpions
  2 hounds (D:4)
  A centaur skeleton (D:5)
  A bullfrog skeleton (D:4)
  3 orc priests (D:4)
  5 worker ants
  2 orc wizards
  A hound skeleton (D:4)
  4 adders
  2 oozes
  An adder zombie (D:5)
  2 worms (D:2)
  2 dart slugs
  A leopard gecko (D:1)
  11 orcs
  2 ball pythons
  7 bats
  2 giant cockroaches
  10 goblins
  5 hobgoblins
  9 jackals
  5 quokkas
  3 frilled lizards
  7 kobolds
  7 rats
99 creatures vanquished.

Notes
Turn   | Place    | Note
-------+----------+-------------------------------------------
     0 | D:1      | Mattiprrivan the Vine Stalker Hunter began the quest for
                  | the Orb.
     0 | D:1      | Reached XP level 1. HP: 11/11 MP: 2/2
   211 | D:1      | Reached XP level 2. HP: 15/15 MP: 3/3
   278 | D:1      | Reached skill level 4 in Bows
   817 | D:1      | Reached XP level 3. HP: 18/18 MP: 4/4
  1480 | D:2      | Gained mutation: Your natural rate of healing is unusually
                  | fast. [Vine Stalker growth]
  1480 | D:2      | Reached XP level 4. HP: 23/23 MP: 5/5
  1690 | D:3      | Reached skill level 1 in Unarmed Combat
  2458 | D:4      | Reached XP level 5. HP: 26/26 MP: 6/6
  2528 | D:4      | Reached skill level 5 in Bows
  2536 | D:4      | Gained mutation: You can translocate small distances at
                  | will. [potion of mutation]
  2536 | D:4      | Gained mutation: You are clumsy. (Dex -2) [potion of
                  | mutation]
  2536 | D:4      | Lost mutation: You are clumsy. (Dex -2) [potion of
                  | mutation]
  2537 | D:4      | Noticed an ogre
  2555 | D:4      | Killed an ogre
  2556 | D:4      | Reached skill level 1 in Armour
  2556 | D:4      | Reached XP level 6. HP: 5/31 MP: 1/7
  2673 | D:4      | Reached skill level 1 in Short Blades
  2673 | D:4      | Reached skill level 1 in Throwing
  2792 | D:4      | Reached XP level 7. HP: 7/35 MP: 2/8
  3072 | D:4      | Reached skill level 6 in Bows
  3240 | D:4      | Found an ornate altar of the Wu Jian Council.
  3277 | D:5      | Entered Level 5 of the Dungeon
  3715 | D:5      | Killed from afar by an orc priest

Illustrated notes

Levels and vault maps discovered:
D:1:      roderic_crossed_star, layout_basic, minmay_misc_feat_pillars,
          chequers_big_river
D:2:      layout_loops_cross
D:3:      layout_basic, minmay_quantized
D:4:      layout_cave_pools, pdpol_wu_jian_five_deadly_venoms
D:5:      lemuel_insect_pit, layout_rooms, portal_sewer_entry_a,
          lightli_minifort, uniq_ijyb

Skill      XL: |  1  2  3  4  5  6  7 |
---------------+----------------------+-----
Bows           | 4 5 6 |  6.4
Fighting       | 2 |  2.9
Unarmed Combat | 1 2 |  2.2
Stealth        | 2 3 |  3.2
Dodging        | 2 |  2.4
Armour         | 1 |  1.5
Short Blades   | 1 |  1.5
Throwing       | 1 |  1.5
Evocations     | |  0.7

Action                   |  1- 3 |  4- 6 |  7- 9 || total
-------------------------+-------+-------+-------++-------
Melee: Dagger            |       |       |     2 ||     2
       Bite              |       |       |     2 ||     2
 Fire: Shortbow          |    86 |   122 |    95 ||   303
 Abil: Blink             |       |     9 |       ||     9
Evoke: Wand              |       |       |     2 ||     2
  Use: Scroll            |     8 |     9 |     3 ||    20
       Potion            |     1 |     3 |     1 ||     5
Armor: Leather armour    |     5 |    12 |    12 ||    29
Dodge: Dodged            |    14 |    25 |    18 ||    57
